 Dungeon Crawl Stone Soup version 0.30-a0-528-g8c47a4955b (webtiles) character file.

Game seed: 16412033981524955171

218 kae the Changer (level 5, -5/38 HPs)
             Began as a Demonspawn Transmuter on Dec 23, 2022.
             Killed by nerve-wracking pain
             ... invoked by an orc priest
              (14 damage)
             ... on level 3 of the Dungeon.
             The game lasted 00:03:36 (2857 turns).

kae the Changer (Demonspawn Transmuter)             Turns: 2857, Time: 00:03:37

Health: -5/38      AC:  2    Str: 10    XL:     5   Next: 63%
Magic:  4/9        EV: 19    Int: 16    God:
Gold:   210        SH:  0    Dex: 19    Spells: 1/10 levels left

rFire   . . .      SeeInvis .      - Unarmed
rCold   . . .      Faith    .    (shield currently unavailable)
rNeg    . . .      Spirit   .    (body armour currently unavailable)
rPois   x          Reflect  .    (helmet currently unavailable)
rElec   .          Harm     .    (cloak currently unavailable)
rCorr   .          Rampage  .    (gloves currently unavailable)
Will    .....                    (boots currently unavailable)
Stlth   ++                       (no amulet)
HPRegen 0.26/turn                (no ring)
MPRegen 0.11/turn                (no ring)

@: spider-form (expiring), attractive, very slightly contaminated
A: venomous fangs, tiny, (claws 2), rugged brown scales 1
a: End Transformation


You were on level 3 of the Dungeon.
You were a venomous arachnid creature.
You visited 1 branch of the dungeon, and saw 4 of its levels.

You collected 210 gold pieces.


Innate Abilities, Weirdness & Mutations

You are a venomous arachnid creature.
You have poisonous fangs.
You are tiny and dextrous.
Your spellcasting is less reliable in this form.
Your armour is entirely melded.
You are incapable of wielding weapons or throwing items.
((You have very sharp fingernails.))
(You are partially covered in rugged brown scales. (AC +1, +3% HP))


   Skills:
 - Level 1.0 Fighting
 - Level 1.7 Dodging
 + Level 3.6 Unarmed Combat
 + Level 3.1 Spellcasting
 * Level 4.0 Transmutations
 + Level 0.6 Poison Magic


You had one spell level left.
You knew the following spells:

 Your Spells              Type           Power      Damage    Failure   Level
a - Beastly Appendage     Tmut           30%        N/A       12%         1
b - Wereblood             Tmut           15%        N/A       16%         2
c - Spider Form           Tmut/Pois      10%        N/A       43%         3
d - Hailstorm             Conj/Ice       2%         3d3       71%         3

Your spell library contained the following spells:

 Spells                   Type           Power      Damage    Failure   Level
 Kiss of Death            Conj/Necr      8%         2d6       38%         1
 Slow                     Hex            8%         N/A       38%         1
 Cigotuvi's Dreadful Rot  Necr/Pois/Air  6%         N/A       47%         2
 Blink                    Tloc           4%         N/A       50%         2
 Momentum Strike          Conj/Tloc      4%         3d8       50%         2
 Confusing Touch          Hex            2%         N/A       71%         3
 Lesser Beckoning         Tloc           4%         N/A       71%         3
 Swiftness                Air            2%         N/A       71%         3
 Tukima's Dance           Hex            2%         N/A       71%         3
 Vampiric Draining        Necr           2%         2d6       71%         3
 Ice Form                 Ice/Tmut       8%         N/A       82%         4
 Dispel Undead            Necr           2%         3d7       96%         4
 Passage of Golubria      Tloc           2%         N/A       96%         4
 Summon Ice Beast         Ice/Summ       2%         N/A       96%         4
 Yara's Violent Unravell  Hex/Tmut       4%         3d4       98%         5
 Death Channel            Necr           1%         N/A       100%        6

Inventory:

Missiles
 b - 5 boomerangs
 d - 23 stones
Armour
 a - a +0 robe (melded)
Scrolls
 g - 2 scrolls of identify {@r1}
 j - a scroll of blinking {unknown}
 l - a scroll of magic mapping {!r}
 m - a scroll of fog
 n - a scroll of enchant weapon {unknown}
Potions
 c - a potion of flight {unknown}
 e - a potion of haste {@q3}
 f - a potion of magic {unknown}
 h - a potion of cancellation {unknown}
 i - a potion of heal wounds {unknown}

Dungeon Overview and Level Annotations

Branches:
Dungeon (4/15) Zot: 21149
 Temple: D:4-7

Altars:
Ashenzari
Wu Jian

Annotations:
D:2 1 runed translucent door, Crazy Yiuf, Terence
D:3 exclusion: orc priest

#..†# #...# #.
####...# ###.# #.
#......########
#.# #######.
..............#
#.# #......#
#........####.#
#.#######.####.#
#..#.......##.#
#.......#.#.....
#....###.#.##.#
#######.....##.#
...#.###...##.####
###.####.#
#....###.......)s#
#.####.#
...>..#..#######)#
#......#
##....#..# #o#
########
.###.._..# #o#
.###..#..# #.#
.##...#..#
###>####
.##..###.#
#......#
.##..###.#
##.#)##.#
###..###.#
#....##.#


You could see 2 orc priests.


Message History

Your horns disappear.
Your talons disappear.
You pick up a book of Debilitation and begin reading...
You add the spells Slow and Vampiric Draining to your library. 😎 HP[+4]
Your hp is fully restored (38).
Key pressed, stopping explore.
A quokka comes into view.
A quokka is nearby!
A quokka is nearby!
A quokka is nearby!
A quokka is nearby!
Casting: Beastly Appendage (safe; 3% risk of failure)
Confirm with . or Enter, or press ? or * to list all spells.
You grow a pair of large bovine horns.
Your feet morph into talons. 😎 MP[-1]
You lost 1 mp, and now have 8/9 mp.
The quokka barely misses you.
The quokka bites you but does no damage.
You claw the quokka!
You kill the quokka!
No target in view!
No target in view!
Your transformation is almost over.
You see here a quokka corpse.
Your horns disappear.
Your talons disappear.
There is a stone staircase leading down here.
You enter the shallow water.
Moving in this stuff is going to be slow.
An orc comes into view.
It is wielding a +1 hand axe of flaming.
The orc shouts! 😎 MP[+1]
Your mp is fully restored (9).
An orc is nearby!
An orc is nearby!
An orc is nearby!
An orc is nearby!
Okay, then.
An orc comes into view. It is wielding a +0 hand axe.
The orc shouts!
An orc comes into view. It is wielding a +0 hand axe.
An orc priest comes into view. It is wielding a +0 trident.
You see here a +0 club.
There is a stone staircase leading down here.
Casting: Beastly Appendage (safe; 3% risk of failure)
Confirm with . or Enter, or press ? or * to list all spells.
The spell is quite dangerous to miscast (22% risk of failure)!
Continue anyway? [Y]es or [N]o only, please.
The spell is quite dangerous to miscast (22% risk of failure)!
Continue anyway?
You miscast Spider Form.
You are very lightly contaminated with residual magic.
Multicoloured lights dance before your eyes. 😎 MP[-3]
You lost 3 mp, and now have 6/9 mp.
Unknown command.
Casting: Spider Form (quite dangerous; 22% risk of failure)
Confirm with . or Enter, or press ? or * to list all spells.
The spell is quite dangerous to miscast (22% risk of failure)!
Continue anyway? [Y]es or [N]o only, please.
The spell is quite dangerous to miscast (22% risk of failure)!
Continue anyway?
You turn into a venomous arachnid creature.
Your +0 robe melds into your body. 😎 MP[-3]
You lost 3 mp, and now have 3/9 mp.
You hit the orc.
The orc is poisoned.
The orc misses you.
You hit the orc.
You kill the orc!
The orc priest shouts!
The orc shouts!
The orc hits you with a +0 hand axe.
Things that are here:
a +1 hand axe of flaming; an orc corpse The orc priest shouts!
You hit the orc but do no damage.
The orc is poisoned.
The orc misses you. 😕 HP[-4]
You take 4 damage, and now have 34/38 hp.
The orc barely misses you. 😕 MP[+1]
You hit the orc.
The orc looks as sick as possible!
Your transformation is almost over.
You kill the orc!
You completely miss the orc.
The orc priest looks braver for a moment.
The orc priest invokes the aid of Beogh against you.
Beogh smites you! 😮 HP[-14]
You take 14 damage, and now have 20/38 hp.
MASSIVE DAMAGE!! (PAUSE)
You hit the orc.
The orc is poisoned.
The orc hits you but does no damage.
You hit the orc.
The orc looks as sick as possible!
You kill the orc!
The orc priest invokes the aid of Beogh against you.
Beogh smites you!
* * * LOW HITPOINT WARNING * * *
😱 HP[-11]
You take 11 damage, and now have 9/38 hp.
MASSIVE DAMAGE!! (PAUSE) It was a potion of attraction.
You feel attractive to monsters.
The orc priest calls down the wrath of Beogh upon you.
Pain shoots through your body!
You die...

Skill      XL: |  1  2  3  4  5 |
---------------+----------------+-----
Transmutations | 2 3 4 |  4.0
Unarmed Combat | 3 |  3.6
Spellcasting   | 3 |  3.1
Fighting       | |  1.0
Dodging        | |  1.7
Poison Magic   | |  0.6

Action                   |  1- 3 |  4- 6 || total
-------------------------+-------+-------++-------
Melee: Unarmed           |    78 |    93 ||   171
       Kick              |    10 |    11 ||    21
       Headbutt          |     8 |     6 ||    14
       Punch             |     1 |     2 ||     3
 Cast: Beastly Appendage |    19 |    24 ||    43
       Spider Form       |       |     4 ||     4
  Use: Potion            |     2 |     1 ||     3
       Scroll            |     3 |     2 ||     5
 Stab: Sleeping          |     1 |     1 ||     2
Armor: Robe              |    19 |     8 ||    27
       Skin              |     5 |     3 ||     8
Dodge: Dodged            |    55 |    73 ||   128

Levels and vault maps discovered:
D:1:      saegor_arrival_simple_e, layout_rooms, basic_ecumenical_altar,
          minmay_tree_intersection, grunt_decor_mini_mirrors
D:2:      layout_basic, basic_altar, uniq_natasha, uniq_terence,
          uniq_crazy_yiuf_cottage
D:3:      layout_loops_cross, cheibrodos_ashenzari_chains, serial_bayou_pond_e
D:4:      layout_basic, grunt_temple_overflow_cloverleaf,
          hangedman_decor_growths

Notes
Turn   | Place    | Note
-------+----------+-------------------------------------------
     0 | D:1      | kae the Demonspawn Transmuter began the quest for the Orb.
     0 | D:1      | Reached XP level 1. HP: 15/15 MP: 3/3
     0 | D:1      | magus.rc [v1.11.3]
    34 | D:1      | You add the spells Cigotuvi's Dreadful Rot, Swiftness,
                  | Hailstorm and Summon Ice Beast to your library.
    34 | D:1      | Got the Encyclopedia of Boreal Vapour
    85 | D:1      | HP: 2/15 [jackal (3)]
    88 | D:1      | Reached skill level 2 in Transmutations
   103 | D:1      | Gained mutation: You have sharp fingernails. [demonic
                  | ancestry]
   103 | D:1      | Reached XP level 2. HP: 20/21 MP: 3/5
   284 | D:1      | Reached skill level 3 in Unarmed Combat
   415 | D:1      | Reached XP level 3. HP: 20/26 MP: 4/6
   434 | D:1      | Learned a level 2 spell: Wereblood
   438 | D:1      | Learned a level 3 spell: Hailstorm
   465 | D:1      | Found a faded altar of an unknown god.
   669 | D:2      | Noticed Natasha
   685 | D:1      | Killed Natasha
   686 | D:1      | Reached skill level 3 in Transmutations
   800 | D:2      | Gained mutation: You have very sharp fingernails. [demonic
                  | ancestry]
   800 | D:2      | Reached XP level 4. HP: 28/32 MP: 5/7
   952 | D:2      | You pick up a book of Spatial Translocations and begin
                  | reading...
   952 | D:2      | You add the spells Blink, Momentum Strike and Lesser
                  | Beckoning to your library.
  1023 | D:2      | Found an ornate altar of the Wu Jian Council.
  1151 | D:2      | Noticed Terence
  1196 | D:1      | Noticed Natasha
  1202 | D:1      | Killed Natasha
  1511 | D:2      | You add the spells Tukima's Dance, Passage of Golubria and
                  | Yara's Violent Unravelling to your library.
  1617 | D:2      | Found a runed translucent door.
  1618 | D:2      | Noticed Crazy Yiuf
  1735 | D:1      | Noticed Natasha
  1740 | D:1      | Killed Natasha
  1741 | D:1      | Gained mutation: You are partially covered in rugged brown
                  | scales. (AC +1, +3% HP) [demonic ancestry]
  1741 | D:1      | Reached XP level 5. HP: 28/38 MP: 7/9
  1875 | D:3      | You fall into a shaft and drop 1 floor!
  1880 | D:4      | Learned a level 3 spell: Spider Form
  2018 | D:3      | Found a broken altar of Ashenzari.
  2033 | D:3      | You pick up a book of Touch and begin reading...
  2033 | D:3      | You add the spells Kiss of Death, Confusing Touch and
                  | Dispel Undead to your library.
  2201 | D:3      | You pick up a book of Decay and begin reading...
  2254 | D:3      | Reached skill level 3 in Spellcasting
  2615 | D:3      | Reached skill level 4 in Transmutations
  2669 | D:3      | You pick up a book of Debilitation and begin reading...
  2669 | D:3      | You add the spells Slow and Vampiric Draining to your
                  | library.
  2856 | D:3      | HP: 9/38 [orc priest/divine providence (11)]
  2857 | D:3      | Killed from afar by an orc priest

Vanquished Creatures
  Natasha (thrice) (D:1)
  An orc wizard (D:3)
  2 adders
  2 dart slugs
  12 orcs (D:3)
  3 endoplasms
  2 giant cockroaches
  8 goblins
  5 hobgoblins
  13 jackals
  2 kobolds
  3 quokkas
  5 ball pythons
  5 bats
  6 frilled lizards
  7 rats
79 creatures vanquished.

Vanquished Creatures (others)
  A fungus (D:2)
  2 plants (D:3)
3 creatures vanquished.

Grand Total: 82 creatures vanquished

Table legend:
 A = Non-vault XP
 B = Vault XP
 C = Vault XP percentage of total XP
 D = Non-vault monster count
 E = Vault monster count
 F = Vault count percentage of total count
                 A         B        C        D         E       F
            +---------+---------+-------+---------+---------+-------
      Total |     275 |      37 |  11.9 |      78 |       1 |   1.3
            +---------+---------+-------+---------+---------+-------
        D:1 |     122 |      37 |  23.3 |      30 |       1 |   3.2
        D:2 |      54 |       0 |   0.0 |      25 |       0 |   0.0
        D:3 |      97 |       0 |   0.0 |      22 |       0 |   0.0
        D:4 |       2 |       0 |   0.0 |       1 |       0 |   0.0
            +---------+---------+-------+---------+---------+-------

Illustrated notes

Table legend:
 A = Kills in this place as a percentage of kills in entire the game.
 B = Kills by you in this place as a percentage of kills by you in the entire game.
 C = Kills by friends in this place as a percentage of kills by friends in the entire game.
 D = Other kills in this place as a percentage of other kills in the entire game.
 E = Experience gained in this place as a percentage of experience gained in the entire game.
 F = Experience gained in this place divided by the number of levels of this place that you have seen.
                   A       B       C       D       E      F
               +-------+-------+-------+-------+-------+----------------------
         Total | 100.0 | 100.0 |   N/A |   N/A | 100.0 |  78.0
       Dungeon | 100.0 | 100.0 |   N/A |   N/A | 100.0 |  78.0
               +-------+-------+-------+-------+-------+----------------------

Table legend: (Time is in decaauts)
 A = Elapsed time spent in this place.
 B = Non-inter-level travel time spent in this place.
 C = Inter-level travel time spent in this place.
 D = Time resting spent in this place.
 E = Time spent auto-exploring this place.
 F = Levels seen in this place.
 G = Mean time per level.
                   A        B        C        D        E       F      G
               +--------+--------+--------+--------+--------+-----+--------+
         Total |   2849 |   2766 |     83 |    220 |   1885 |   4 |  712.2 |
       Dungeon |   2849 |   2766 |     83 |    220 |   1885 |   4 |  712.2 |
               +--------+--------+--------+--------+--------+-----+--------+

Top non-repeatable levels by time:
     D:2: 1030 daAuts
     D:3: 943 daAuts
     D:1: 808 daAuts
     D:4: 67 daAuts
